 Dungeon Crawl Stone Soup version 0.27-a0-836-gfc908b8576 (webtiles) character file.

Game seed: 1222120141321264827

430 n0claF the Chopper (level 6, -7/52 HPs)
             Began as a Ghoul Gladiator on Apr 1, 2021.
             Mangled by a worm (12 damage)
             ... on level 4 of the Dungeon.
             The game lasted 00:09:30 (4118 turns).

n0claF the Chopper (Ghoul Gladiator)                Turns: 4118, Time: 00:09:31

Health: -7/52      AC:  5    Str: 20    XL:     6   Next: 99%
Magic:  5/5        EV: 11    Int:  3    God:
Gold:   136        SH:  3    Dex: 10    Spells: 5/5 levels left

rFire    . . .     SeeInvis .   i - +5 club
rCold    + . .     Faith    .   s - +0 buckler
rNeg     + + +     Spirit   .   b - +0 leather armour
rPois    ∞         Reflect  .   c - +0 helmet
rElec    .         Harm     .   (no cloak)
rCorr    .         Rampage  .   e - +0 pair of gloves
Will     .....                  (no boots)
Stlth    +.........             (no amulet)
HPRegen  0.00/turn              (no ring)
MPRegen  0.09/turn              (no ring)

@: no status effects
A: claws 1, cold resistance 1, negative energy resistance 3, inhibited
regeneration, torment resistance 2, unbreathing 1
a: no special abilities


You were on level 4 of the Dungeon.
You visited 1 branch of the dungeon, and saw 4 of its levels.

You collected 136 gold pieces.

Inventory:

Hand Weapons
 a - a +0 war axe
 i - a +5 club (weapon)
   (You took it off a gnoll on level 2 of the Dungeon)
Missiles
 d - 4 throwing nets (quivered) {!f}
Armour
 b - a +0 leather armour (worn)
 c - a +0 helmet (worn)
 e - a +0 pair of gloves (worn)
   (You found it on level 1 of the Dungeon)
 s - a +0 buckler (worn)
   (You found it on level 4 of the Dungeon)
Jewellery
 m - an amulet of reflection
   (You took it off a gnoll on level 2 of the Dungeon)
Wands
 k - a wand of polymorph (9)
   (You took it off Jessica on level 2 of the Dungeon)
Scrolls
 g - 3 scrolls of enchant weapon {unknown}
 h - 2 scrolls of teleportation {unknown}
 l - 3 scrolls of identify {unknown}
 q - a scroll of amnesia {unknown}
Potions
 f - a potion of flight {unknown}
 j - a potion of curing {unknown}
 n - a potion of haste {unknown}
 o - a potion of berserk rage {unknown}
 p - a potion of cancellation {unknown}
 r - a potion of degeneration {unknown}
 t - 2 potions of ambrosia {unknown}


   Skills:
 + Level 4.2 Fighting
 * Level 5.0 Axes
 - Level 1.7 Throwing
 + Level 2.6 Armour
 - Level 3.0 Dodging
 + Level 1.1 Shields


You had 5 spell levels left.
You didn't know any spells.
Your spell library contained the following spells:

 Spells                   Type           Power      Damage    Failure   Level
 Animate Skeleton         Necr           0%         N/A       71%         1
 Apportation              Tloc           0%         N/A       71%         1
 Corona                   Hex            0%         N/A       71%         1
 Summon Small Mammal      Summ           0%         N/A       71%         1


Dungeon Overview and Level Annotations

Branches:
Dungeon (4/15)
 Temple: D:4-7

Altars:
Dithmenos
Gozag
Trog
Wu Jian
Yredelemnul

Shops:
D:1 =   D:4 [


Innate Abilities, Weirdness & Mutations

You thrive by killing the living.
You are immune to poison.
You have sharp fingernails.
Your flesh is cold resistant. (rC+)
You are immune to negative energy. (rN+++)
You do not regenerate when monsters are visible.
You are immune to unholy pain and torment.
You can survive without breathing.


Message History

You open the door.
A moth of wrath comes into view.
The moth of wrath's fur bristles in rage as it notices you.
A moth of wrath is nearby!
A moth of wrath is nearby!
A moth of wrath is nearby!
There is an open door here. 3 rats and a worm come into view.
Found two daggers and a whip.
Found a bloodstained altar of Trog.
There is an open door here.
You barely miss the rat. The rat barely misses you.
You hit the rat.
You kill the rat!
You hit the rat.
You kill the rat!
You sock the rat!
You kill the rat!
No target in view!
You see here a rat corpse.
There is an open door here.
A rat comes into view.
Found a whip.
There is an open door here.
You see here a rat corpse.
The rat bites you but does no damage.
You barely miss the rat. The rat bites you but does no damage.
You thump the rat!
You kill the rat!
Things that are here:
a rat corpse; a rat corpse
There is an open door here.
The worm misses you.
You hit the worm. You hit the worm. The worm bites you but does no damage.
You hit the worm. The worm bites you!
The moth of wrath goads the worm on!
The worm goes berserk!
You completely miss the worm. The worm bites you.
You barely miss the worm. The worm bites you!
You completely miss the worm. You block the worm's attack.
You completely miss the worm. You block the worm's attack.
You hit the worm. The worm bites you.
* * * LOW HITPOINT WARNING * * *
You barely miss the worm. The worm bites you!
* * * LOW HITPOINT WARNING * * *
You hit the worm. The worm bites you but does no damage.
You completely miss the worm. The worm bites you!
* * * LOW HITPOINT WARNING * * *
You block the worm's attack.
You sock the worm! The worm bites you!
You die...

#.... ####
#....
###...###
##..#
##.....).##
##.#
#.).._..))#
#..
##.........##
#..
#....###....#
#..
#...##y##w..#
#..
#....###.@..#
##.
#...........#
#.
#.........##
#.
##.......##
## ####'####
# ##.# # #..#
# #†## # #.#
#


You could see a moth of wrath and a worm (berserk).

Vanquished Creatures
  A black bear (D:4)
  A necrophage (D:4)
  A jelly (D:4)
  An orc priest (D:3)
  Jessica (D:2)
  A hound skeleton (D:4)
  3 gnolls (D:2)
  A shadow imp (D:2)
  An ufetubus (D:4)
  5 worms
  3 dart slugs
  8 orcs
  7 bats
  3 endoplasms
  5 giant cockroaches
  11 goblins
  10 hobgoblins
  4 jackals (D:2)
  3 quokkas
  2 ball pythons (D:2)
  2 frilled lizards
  7 kobolds
  7 rats
88 creatures vanquished.

Notes
Turn   | Place    | Note
-------+----------+-------------------------------------------
     0 | D:1      | n0claF the Ghoul Gladiator began the quest for the Orb.
     0 | D:1      | Reached XP level 1. HP: 17/17 MP: 0/0
   216 | D:1      | Reached XP level 2. HP: 19/25 MP: 1/1
   410 | D:1      | Found Tinis's Jewellery Shop.
   415 | D:1      | Reached skill level 3 in Axes
   888 | D:2      | Found an opulent altar of Gozag.
   919 | D:2      | Reached XP level 3. HP: 30/30 MP: 2/2
  1181 | D:2      | Reached skill level 1 in Armour
  1195 | D:2      | Reached XP level 4. HP: 11/37 MP: 3/3
  1592 | D:2      | Noticed Jessica
  1598 | D:2      | Killed Jessica
  1708 | D:2      | Found a shadowy altar of Dithmenos.
  1839 | D:2      | Reached XP level 5. HP: 31/45 MP: 4/4
  2124 | D:3      | Reached skill level 4 in Axes
  2556 | D:3      | Found a basalt altar of Yredelemnul.
  2869 | D:3      | Found an ornate altar of the Wu Jian Council.
  3207 | D:4      | Reached XP level 6. HP: 37/52 MP: 5/5
  3419 | D:4      | Noticed a necrophage
  3435 | D:4      | Killed a necrophage
  3734 | D:4      | Noticed a black bear
  3754 | D:4      | Killed a black bear
  3755 | D:4      | Reached skill level 5 in Axes
  3755 | D:4      | Reached skill level 1 in Shields
  4014 | D:4      | Found Kuagiun's Armour Shop.
  4057 | D:4      | Noticed a moth of wrath
  4059 | D:4      | Found a bloodstained altar of Trog.
  4118 | D:4      | Mangled by a worm

Illustrated notes

Levels and vault maps discovered:
D:1:      denvon_arrival_planthouse, layout_rooms, serial_shops, shop,
          minmay_misc_feat_rugged
D:2:      layout_loops_ring, marbit_many_paths, grunt_gozag_breadcrumbs,
          uniq_jessica
D:3:      layout_rooms, lemuel_doored_altar, nzn_wu_jian_contemplation,
          minmay_misc_feat_rows, minmay_goblin_outpost
D:4:      layout_basic, tgw_trog, serial_shops, nicolae_shop_behind_doors,
          nrook_loot_triangle

Skill      XL: |  1  2  3  4  5  6 |
---------------+-------------------+-----
Axes           | 3 4 5 |  5.0
Dodging        | 3 |  3.0
Armour         | 1 2 |  2.6
Fighting       | 3 4 |  4.2
Shields        | 1 |  1.1
Throwing       | |  1.7

Action                   |  1- 3 |  4- 6 || total
-------------------------+-------+-------++-------
Melee: War axe           |    85 |       ||    85
       Club              |       |   188 ||   188
Armor: Leather armour    |    34 |    54 ||    88
Dodge: Dodged            |    69 |   127 ||   196
Block: Buckler           |       |     6 ||     6

Table legend: (Time is in decaauts)
 A = Elapsed time spent in this place.
 B = Non-inter-level travel time spent in this place.
 C = Inter-level travel time spent in this place.
 D = Time resting spent in this place.
 E = Time spent auto-exploring this place.
 F = Levels seen in this place.
 G = Mean time per level.
                   A        B        C        D        E       F      G
               +--------+--------+--------+--------+--------+-----+--------+
         Total |   4183 |   4086 |     97 |      0 |   3404 |   4 | 1045.8 |
       Dungeon |   4183 |   4086 |     97 |      0 |   3404 |   4 | 1045.8 |
               +--------+--------+--------+--------+--------+-----+--------+

Top non-repeatable levels by time:
     D:2: 1222 daAuts
     D:3: 1022 daAuts
     D:4: 1005 daAuts
     D:1: 932 daAuts
